 Dungeon Crawl Stone Soup version 0.21.1-1-g345015f (webtiles) character file.

2897 shakethe the Cleaver (level 9, -4/68 HPs)
             Began as a Demonspawn Fighter on Feb 17, 2018.
             Was a Follower of Makhleb.
             Shot with a bolt by a kobold (7 damage)
             ... on level 8 of the Dungeon.
             The game lasted 00:19:25 (9070 turns).

shakethe the Cleaver (Demonspawn Fighter)           Turns: 9070, Time: 00:19:25

Health: -4/68      AC:  7    Str: 18    XL:     9   Next: 49%
Magic:  0/9        EV: 11    Int: 10    God:    Makhleb [*.....]
Gold:   479        SH:  0    Dex: 14    Spells: 8/8 levels left

rFire    . . .     SeeInvis .   a - +0 war axe
rCold    + . .     Gourm    .   (no shield)
rNeg     . . .     Faith    .   A - +2 chain mail "Jomux" {+Inv rPois}
rPois    +         Spirit   +   (no helmet)
rElec    .         Reflect  .   (no cloak)
rCorr    .         Harm     .   (no gloves)
MR       .....                  (no boots)
Stlth    ..........             (no amulet)
HPRegen  0.21/turn              C - ring of poison resistance {rPois, !d}
MPRegen  0.22/turn              D - ring of protection from cold {rC+, !d}

@: corroded
A: hooves 2, repulsion field 1, magic shield, magic regeneration, rot immunity
a: Renounce Religion, Evoke Invisibility


You were on level 8 of the Dungeon.
You worshipped Makhleb.
Makhleb was aware of your devotion.
You were very hungry.

You visited 2 branches of the dungeon, and saw 9 of its levels.

You collected 479 gold pieces.

Inventory:

Hand Weapons
 a - a +0 war axe (weapon)
 n - the +6 rapier "Killer Bee's Death" {vamp, Int+2}
   (You found it on level 4 of the Dungeon)

   It inflicts no extra harm, but heals its wielder when it wounds a living foe.
   It affects your intelligence (+2).
 v - a +1 mace of protection
   (You found it on level 3 of the Dungeon)
 y - a +3 flail of holy wrath
   (You found it on level 4 of the Dungeon)
 M - the +10 hunting sling of the Wheel {freeze, *Slow rPois rN+++, unknown}
   (You found it on level 7 of the Dungeon)

   It causes projectiles fired from it to freeze those they strike, causing
   extra injury to most foes and up to half again as much damage against
   particularly susceptible opponents.
   They can also slow down cold-blooded creatures.
   It protects you from poison.
   It renders you almost immune to negative energy.
   It may slow you when you take damage.
Missiles
 x - 3 curare-tipped needles
Armour
 c - a +0 shield
 m - a +0 buckler
   (You found it on level 1 of the Dungeon)
 w - a +1 leather armour of fire resistance
   (You took it off Ijyb on level 4 of the Dungeon)
 A - the +2 chain mail "Jomux" (worn) {+Inv rPois}
   (You found it on level 5 of the Dungeon)

   It protects you from poison.
   It lets you turn invisible.
 H - the +3 robe of Marbles {rCorr Dex+4, unknown}
   (You found it on level 6 of the Dungeon)

   It affects your dexterity (+4).
   It protects you from acid and corrosion.
 J - a +0 pair of boots
   (You found it on level 7 of the Dungeon)
Jewellery
 g - an uncursed ring of wizardry {Wiz+, !d}
   (You found it on level 1 of the Dungeon)
 l - an uncursed ring of resist corrosion
   (You found it on level 1 of the Dungeon)
 C - a ring of poison resistance (left hand) {rPois, !d}
   (You found it on level 5 of the Dungeon)
 D - a ring of protection from cold (right hand) {rC+, !d}
   (You found it on level 6 of the Dungeon)
 G - an uncursed ring of wizardry {Wiz+, !d}
   (You found it on level 6 of the Dungeon)
Wands
 u - a wand of flame (17)
   (You took it off Ijyb on level 4 of the Dungeon)
 L - a wand of clouds (7)
   (You found it on level 8 of the Dungeon)
Scrolls
 d - a scroll of summoning {unknown}
 e - 3 scrolls of remove curse {unknown}
 h - a scroll of amnesia {unknown}
 i - 2 scrolls of identify
 o - 3 scrolls of magic mapping {unknown}
 t - 4 scrolls of fog {unknown}
 z - 2 scrolls of noise {unknown}
 B - a scroll of blinking {unknown}
 E - a scroll of teleportation {unknown}
 N - a scroll of random uselessness {unknown}
Potions
 b - 2 potions of haste
 j - 3 potions of degeneration {unknown}
 k - a potion of berserk rage {unknown}
 p - 2 potions of brilliance {unknown}
 q - a potion of agility {unknown}
 r - 2 potions of lignification {unknown}
 s - 4 potions of curing {unknown}
 F - a potion of magic {unknown}
 I - a potion of resistance {unknown}
 K - a potion of heal wounds {unknown}
Comestibles
 f - 8 rations


   Skills:
 + Level 5.2 Fighting
 * Level 9.6 Axes
 + Level 5.2 Armour
 + Level 4.4 Dodging
 - Level 2.6 Shields


You had 8 spell levels left.
You didn't know any spells.

Dungeon Overview and Level Annotations

Branches:
Dungeon (8/15)             Temple (1/1) D:6
   Lair: D:8-11

Altars:
Ashenzari
Cheibriados
Elyvilon
Fedhas
Gozag
Hepliaklqana
Makhleb
Nemelex Xobeh
Okawaru
Ru
Trog
Vehumet
Wu Jian
Xom
Yredelemnul
The Shining One

Annotations:
D:8 Erica


Innate Abilities, Weirdness & Mutations

You have hoof-like feet.
You are surrounded by a mild repulsion field. (EV +2)
When hurt, damage is shared between your health and your magic reserves.
You regenerate magic rapidly.
You are immune to rotting.


Message History

The kobold shoots a bolt.
The bolt misses you.
The kobold shoots a poisoned needle.
The poisoned needle barely misses you.
The kobold shoots a bolt.
The bolt closely misses you.
Erica gestures wildly while chanting.
Erica flickers and vanishes!
Deactivating autopickup; reactivate with Ctrl-A.
The kobold shoots a poisoned needle.
The poisoned needle hits you!
You see here a poisoned needle.
The kobold shoots a bolt.
The bolt hits you!
The kobold shoots a poisoned needle.
The poisoned needle closely misses you.
Things that are here:
a poisoned needle; a bolt You take 6 damage, and have 62/68 hp.
You now have 8/9 mp.
The kobold shoots a poisoned needle.
The poisoned needle hits you!
The kobold shoots a bolt.
The bolt closely misses you.
The kobold shoots a poisoned needle.
The poisoned needle hits you!
You are poisoned.
Things that are here:
a poisoned needle; a bolt You feel sick.
You feel sick.
You take 1 damage, and have 61/68 hp.
You feel sick.
You take 1 damage, and have 60/68 hp.
MP restored: 9 You feel sick.
You take 1 damage, and have 59/68 hp.
You feel sick.
You take 1 damage, and have 59/68 hp.
You feel sick.
You take 1 damage, and have 58/68 hp.
You feel sick.
You take 1 damage, and have 58/68 hp.
You feel sick.
The kobold unwields an uncursed blowgun.
The kobold misses you.
You barely miss the kobold.
You feel sick. The kobold barely misses you.
You take 1 damage, and have 57/68 hp.
You barely miss the kobold. The kobold barely misses you.
You slash the kobold!
You kill the kobold!
Makhleb accepts your kill.
You hear a zap.
A bolt of acid appears from out of thin air!
The bolt of acid hits the kobold.
The kobold is splashed with acid.
The acid corrodes the kobold!
The kobold dies!
The bolt of acid misses you.
The kobold shoots a bolt.
The bolt hits you.
You take 5 damage, and have 53/68 hp.
You now have 8/9 mp.
Items here: )) ? † a quarterstaff; a scroll of identify; an uncursed blowgun; a kobold corpse Your chain mail "Jomux" prevents you from hitting something.
You feel sick.
The kobold shoots a bolt.
Something hits you but does no damage.
You take 1 damage, and have 52/68 hp.
You slash something! You kick something.
The kobold shoots a bolt.
The bolt hits you.
You take 3 damage, and have 49/68 hp.
You slash something! Your kick misses something.
You hear some strange, mumbled words.
An orb of energy appears from out of thin air!
The orb of energy misses you.
The kobold shoots a bolt.
Something barely misses you.
MP restored: 9 You closely miss something.
The kobold shoots a bolt.
The bolt hits you but does no damage.
Your chain mail "Jomux" prevents you from hitting something.
You feel sick.
You are no longer poisoned.
Something hits you. Something burns you.
You take 7 damage, and have 43/68 hp.
You now have 7/9 mp.
You miss something. You kick something.
You hear some strange, mumbled words.
A bolt of poison appears from out of thin air!
The bolt of poison misses you.
The kobold shoots a bolt.
The bolt barely misses you.
You hit something. Your kick misses something.
Something hits you but does no damage.
The kobold shoots a bolt.
The bolt hits you.
You take 2 damage, and have 41/68 hp.
Your chain mail "Jomux" prevents you from hitting something.
You hear a zap.
A bolt of acid appears from out of thin air!
The bolt of acid hits you! The acid corrodes you!
You are splashed with acid!
The acid burns!
You take 15 damage, and have 26/68 hp.
MASSIVE DAMAGE!!
You now have 4/9 mp.
The kobold shoots a bolt.
The bolt hits you.
You hear some strange, mumbled words.
An orb of energy appears from out of thin air!
The orb of energy hits you!
* * * LOW HITPOINT WARNING * * *
The orb of energy explodes!
You see here 2 bolts.
You take 23 damage, and have 3/68 hp.
MASSIVE DAMAGE!!
You now have 0/9 mp.
Okay, then.
The kobold shoots a bolt.
The bolt hits you!
You die...

#......#####..#
####.#[..# ##.#
#.#.........
##.##.#####... #K.##..
.... #{###.#+ ###.## #(#
#.+ .# .# ##(# #.#+#.#
#.@###.....###.
########.............
##.....#....<........
##.............##..####
#.....<.........(......
#...............#####.##
#...................[...
#...............######..
#...............#


You could see a kobold.

Vanquished Creatures
  The ghost of Dioder the Covert, a novice FeEn of Xom (D:7)
  Grinder (D:6)
  Prince Ribbit (D:4)
  Sigmund (D:5)
  3 black bears
  An orc warrior (D:7)
  A necrophage (D:5)
  A phantom (D:5)
  3 ogres
  2 centaurs (D:6)
  A big kobold (D:7)
  2 bullfrogs (D:6)
  A gnoll sergeant (D:7)
  A howler monkey (D:7)
  A centaur zombie (D:7)
  A crimson imp (D:7)
  7 hounds
  2 jellies
  A centaur skeleton (D:5)
  2 orc wizards
  Terence (D:2)
  3 worker ants
  Ijyb (D:4)
  A killer bee zombie (D:8)
  A hound zombie (D:6)
  A hound skeleton (D:5)
  8 gnolls (D:7)
  5 adders
  2 oozes (D:5)
  An adder skeleton (D:4)
  2 worms (D:2)
  2 dart slugs
  5 leopard geckos
  11 orcs
  14 bats
  8 giant cockroaches
  9 hobgoblins
  10 jackals
  16 kobolds
  2 quokkas
  2 ball pythons
  4 frilled lizards
  7 goblins
  A quokka skeleton (D:6)
  7 rats
158 creatures vanquished.

Vanquished Creatures (others)
  A worker ant (D:4)
  A kobold (D:8)
2 creatures vanquished.

Grand Total: 160 creatures vanquished

Notes
Turn   | Place    | Note
-------+----------+-------------------------------------------
     0 | D:1      | shakethe the Demonspawn Fighter began the quest for the Orb.
     0 | D:1      | Reached XP level 1. HP: 18/18 MP: 1/1
     6 | D:1      | Reached skill level 2 in Axes
    35 | D:1      | Gained mutation: You are surrounded by a mild repulsion field. (EV +2) [demonic ancestry]
    35 | D:1      | Reached XP level 2. HP: 24/24 MP: 2/2
   245 | D:1      | Reached skill level 3 in Axes
   726 | D:2      | Gained mutation: When hurt, damage is shared between your health and your magic reserves. [demonic ancestry]
   726 | D:2      | Reached XP level 3. HP: 29/29 MP: 3/3
  1339 | D:2      | Noticed Terence
  1350 | D:2      | Killed Terence
  1350 | D:2      | Reached skill level 1 in Dodging
  1350 | D:2      | Gained mutation: You have large cloven feet. [demonic ancestry]
  1350 | D:2      | Reached XP level 4. HP: 35/35 MP: 4/4
  1462 | D:3      | Reached skill level 4 in Axes
  1514 | D:3      | Reached XP level 5. HP: 14/41 MP: 3/5
  2093 | D:3      | Reached skill level 2 in Dodging
  2104 | D:3      | Found a shimmering altar of Xom.
  2211 | D:4      | Noticed an ogre
  2224 | D:4      | Killed an ogre
  2224 | D:4      | Reached skill level 5 in Axes
  2224 | D:4      | Gained mutation: You are immune to rotting. [demonic ancestry]
  2224 | D:4      | Reached XP level 6. HP: 37/47 MP: 4/6
  2240 | D:4      | Found an iron altar of Okawaru.
  2309 | D:4      | Noticed Ijyb
  2334 | D:4      | HP: 11/47 [Ijyb (3)]
  2335 | D:4      | Killed Ijyb
  2722 | D:4      | Got an iridescent rapier
  2723 | D:4      | Identified the +6 rapier "Killer Bee's Death" {vamp, Int+2} (You found it on level 4 of the Dungeon)
  3086 | D:4      | HP: 7/47 [something (6)]
  4579 | D:5      | Entered Level 5 of the Dungeon
  4579 | D:5      | Noticed Prince Ribbit
  4596 | D:4      | Killed Prince Ribbit
  4596 | D:4      | Reached skill level 6 in Axes
  4596 | D:4      | Reached skill level 3 in Dodging
  4596 | D:4      | Gained mutation: You regenerate magic rapidly. [demonic ancestry]
  4596 | D:4      | Reached XP level 7. HP: 21/52 MP: 4/7
  4913 | D:5      | Noticed Sigmund
  5140 | D:5      | Killed Sigmund
  5140 | D:5      | Reached skill level 4 in Dodging
  5304 | D:5      | Reached skill level 7 in Axes
  5432 | D:5      | Got a slimy chain mail
  5443 | D:5      | Identified the +2 chain mail "Jomux" {+Inv rPois} (You found it on level 5 of the Dungeon)
  5637 | D:5      | Reached XP level 8. HP: 55/58 MP: 8/8
  5809 | D:5      | Reached skill level 3 in Armour
  6382 | D:6      | Noticed Grinder
  6382 | D:6      | Paralysed by Grinder for 7 turns
  6500 | D:6      | Paralysed by Grinder for 4 turns
  6504 | D:6      | Killed Grinder
  6504 | D:6      | Reached skill level 8 in Axes
  6673 | D:6      | Reached skill level 4 in Armour
  6742 | D:6      | Found a staircase to the Ecumenical Temple.
  6802 | Temple   | Entered the Ecumenical Temple
  7002 | Temple   | Became a worshipper of Makhleb the Destroyer
  7058 | D:6      | Found an opulent altar of Gozag.
  7066 | D:6      | Reached skill level 4 in Fighting
  7414 | D:6      | Got a dull robe
  7645 | D:6      | Found a sparkling altar of Nemelex Xobeh.
  7652 | D:6      | Found a shattered altar of Ashenzari.
  7655 | D:6      | Found a sacrificial altar of Ru.
  7658 | D:6      | Found a bloodstained altar of Trog.
  7865 | D:7      | Gained mutation: You have hoof-like feet. [demonic ancestry]
  7865 | D:7      | Reached XP level 9. HP: 61/66 MP: 9/9
  7982 | D:7      | Reached skill level 9 in Axes
  8201 | D:7      | Noticed Dioder's ghost (novice FeEn)
  8217 | D:7      | Killed Dioder's ghost
  8286 | D:7      | Reached skill level 5 in Fighting
  8286 | D:7      | Reached skill level 5 in Armour
  8474 | D:7      | Reached * piety under Makhleb
  8761 | D:7      | Got a twisted hunting sling
  9033 | D:8      | Noticed Erica
  9069 | D:8      | HP: 3/68 [something/orb of energy (20)]
  9070 | D:8      | Shot with a bolt by a kobold

Skill      XL: |  1  2  3  4  5  6  7  8  9 |
---------------+----------------------------+-----
Axes           | 2 3 4 5 6 7 8 9 |  9.6
Dodging        | 1 2 3 4 |  4.4
Armour         | 4 5 |  5.2
Fighting       | 4 5 |  5.2
Shields        | |  2.6

Action                   |  1- 3 |  4- 6 |  7- 9 || total
-------------------------+-------+-------+-------++-------
Melee: War axe           |   145 |   134 |   322 ||   601
       Kick              |       |    28 |   104 ||   132
  Use: Scroll            |       |     1 |       ||     1
       Potion            |       |     1 |       ||     1
  Eat: Chunk             |     2 |     4 |     9 ||    15
       Ration            |       |     2 |     1 ||     3
Armor: Scale mail        |    72 |    61 |       ||   133
       Leather armour    |       |     7 |     8 ||    15
       Chain mail        |       |       |   139 ||   139
Dodge: Dodged            |    99 |   140 |   217 ||   456
Block: Shield            |    42 |       |       ||    42

Vault maps used:
D:1:      dpeg_arrival_shelter, glass_columns_c
D:2:      uniq_terence
D:3:      tgw_xom
D:4:      kennysheep_okawaru_gauntlet, first_ration, serial_co_window_serial,
          co_window_of_opportunity_a, co_window_paths_b, co_window_corner_a,
          co_window_paths_a, co_window_paths_b, co_window_paths_a,
          co_window_corner_a, co_window_of_opportunity_a, co_window_corner_a,
          co_window_of_opportunity_c, co_window_unsneaky_path_c,
          co_window_corner_ca, co_window_broadway_c, co_window_4corner_b,
          glass_columns_b, glass_columns_b, lemuel_flame_loot_1, uniq_ijyb
D:5:      uniq_prince_ribbit1, uniq_sigmund
D:6:      kennysheep_mini, grunt_temple_overflow_cloverleaf,
          minmay_temple_entry_statues_pillars, minmay_fountain_box, uniq_grinder
D:8:      chequers_temple_overflow_minitemple, lemuel_round_altar, serial_shops,
          nicolae_shop_behind_doors, blue_anna_alchemist, uniq_erica
Temple:   dpeg_chambers_temple

Table legend:
 A = Turns spent in this place as a percentage of turns spent in the entire game.
 B = Non-inter-level travel turns spent in this place as a percentage of non-inter-level travel turns spent in the entire game.
 C = Inter-level travel turns spent in this place as a percentage of turns spent in this place.
 D = Turns resting spent in this place as a percentage of non-inter-level travel turns spent in this place.
 E = Turns spent auto-exploring this place as a percentage of non-inter-level travel turns spent in this place.
 F = Non-inter-level travel turns spent in this place divided by the number of levels of this place that you've seen.
                   A       B       C       D       E      F
               +-------+-------+-------+-------+-------+----------------------
         Total | 100.0 | 100.0 |   1.0 |  26.2 |  48.1 | 998.0
       Dungeon |  97.5 |  97.6 |   0.8 |  26.8 |  47.2 | 1096.2
        Temple |   2.5 |   2.4 |   7.4 |   0.0 |  85.8 | 212.0
               +-------+-------+-------+-------+-------+----------------------

Table legend:
 A = Kills in this place as a percentage of kills in entire the game.
 B = Kills by you in this place as a percentage of kills by you in the entire game.
 C = Kills by friends in this place as a percentage of kills by friends in the entire game.
 D = Other kills in this place as a percentage of other kills in the entire game.
 E = Experience gained in this place as a percentage of experience gained in the entire game.
 F = Experience gained in this place divided by the number of levels of this place that you have seen.
                   A       B       C       D       E      F
               +-------+-------+-------+-------+-------+----------------------
         Total | 100.0 | 100.0 |   N/A |   N/A | 100.0 | 459.9
       Dungeon | 100.0 | 100.0 |   N/A |   N/A | 100.0 | 517.4
               +-------+-------+-------+-------+-------+----------------------
